 Dungeon Crawl Stone Soup version 0.31-a0-986-g5e6e4ef867 (webtiles) character file.

Game seed: 12129259419585432776

4 ytrimaz the Sneak (level 1, 0/11 HPs)
             Began as a Vine Stalker Brigand on Nov 6, 2023.
             Slain by an adder (3 damage)
             ... on level 2 of the Dungeon.
             The game lasted 00:00:21 (131 turns).

ytrimaz the Sneak (Vine Stalker Brigand)             Turns: 131, Time: 00:00:22

Health: 0/11       AC:  3    Str: 13    XL:     1   Next: 70%
Magic:  0/2        EV: 11    Int: 11    God:
Gold:   4          SH:  0    Dex: 15    Spells: 0/0 levels left

rFire   . . .        a - +2 dagger
rCold   . . .        (no shield)
rNeg    . . .        b - +0 robe
rPois   .            (no helmet)
rElec   .            c - +0 cloak
rCorr   .            (no gloves)
SInv    .            (no boots)
Will    .....        (no amulet)
Stlth   +++          (no ring)
HPRegen 1.01/turn    (no ring)
MPRegen 0.08/turn

%: guardian spirit
@: lethally poisoned (0 -> -1)
A: fangs 2, regeneration 1, magic shield, antimagic bite, no potion heal 2
a: no special abilities


You were on level 2 of the Dungeon.
You visited 1 branch of the dungeon, and saw 2 of its levels.

You collected 4 gold pieces.


Innate Abilities, Weirdness & Mutations

You have extremely sharp teeth.
Your natural rate of healing is unusually fast.
When hurt, damage is shared between your health and your magic reserves.
Your bite disrupts and absorbs the magic of your enemies.
Potions cannot restore your health.


   Skills:
 - Level 1.7 Fighting
 + Level 1.9 Short Blades
 - Level 1.7 Throwing
 - Level 0.7 Dodging
 * Level 5.1 Stealth


You couldn't memorise any spells.
You didn't know any spells.
Your spell library was empty.

Inventory:

Hand Weapons
 a - a +2 dagger (weapon)
Missiles
 d - 9 poisoned darts (quivered)
 e - 3 curare-tipped darts
Armour
 b - a +0 robe (worn)
 c - a +0 cloak (worn)
Jewellery
 g - a ring of fire
   (You found it on level 2 of the Dungeon)
Potions
 f - 2 potions of curing {unknown}

Dungeon Overview and Level Annotations

Branches:
Dungeon (1/15) Zot: 11869

Altars:

##.## ####.## # .....
....... .##<..####.##..
. ........#>##.. #.
#...##.#.##.#
##.##...##.#.##.# #
........##.#.##g##.#
..)........?....@S.#
........†...............
........##.###.###..####
........##.# #.# ).#
........##.# #.# ..#
........##.# #.# ....
##.........# #.# .###
#.####.#### #.# .# #.
#.#


You could see an adder and a goblin.


Message History

There are monsters nearby!
An endoplasm is nearby!
The endoplasm closely misses you.
You hit the endoplasm.
You kill the endoplasm!
The ball python barely misses you. The ball python misses you.
You closely miss the ball python. The ball python bites you.
The ball python completely misses you. 😕 HP[-1]
You take 1 damage, and now have 10/11 hp.
You barely miss the ball python. The ball python barely misses you.
The ball python grabs you. The ball python constricts you.
You hit the ball python but do no damage.
The ball python barely misses you.
The ball python constricts you. 😎 HP[+1]
Your hp is fully restored (11).
You hit the ball python. The ball python barely misses you.
The ball python constricts you.
You hit the ball python. The ball python barely misses you.
The ball python constricts you.
You hit the ball python.
You kill the ball python!
Your Stealth skill increases to level 5!
Unknown command.
You see here a ball python corpse.
No target in view!
You now have 4 gold pieces.
Key pressed, stopping explore.
Key pressed, stopping explore.
No target in view!
A bat comes into view.
A bat is nearby!
A bat is nearby!
Unknown command.
A bat is nearby!
The helpless bat fails to defend itself.
You impale the bat!!
You kill the bat!
Found a stone staircase leading down.
No target in view!
Found an escape hatch in the floor.
f - 2 emerald potions (gained 1) Key pressed, stopping explore.
A malevolent force fills the Dungeon...
You fall into a shaft and drop 1 floor!
The shaft crumbles and collapses.
A frilled lizard comes into view.
You see here a ring of fire.
A frilled lizard is nearby!
Unknown command.
A frilled lizard is nearby!
A frilled lizard is nearby!
g - a ring of fire The frilled lizard hisses angrily.
Found a stone staircase leading up.
You hit the frilled lizard.
You kill the frilled lizard!
No target in view!
No target in view!
An adder comes into view.
Unknown command.
An adder is nearby!
An adder is nearby!
Found a stone staircase leading down.
You see here a scroll labelled ROEN SARIGRUUSIAT.
An adder is nearby!
A goblin comes into view. It is wielding a +0 dagger.
The goblin shouts!
The adder barely misses you.
You hit the adder. Your bite misses the adder.
The adder bites you but does no damage.
You hit the adder but do no damage. The adder completely misses you.
The goblin hits you with a +0 dagger.
The adder bites you but does no damage. 😎 MP[-1]
You lost 1 mp, and now have 1/2 mp.
You closely miss the adder. The goblin closely misses you.
The adder bites you but does no damage.
You closely miss the adder. The goblin closely misses you. The adder bites you.
You are poisoned.
The adder poisons you! 😮 HP[-3]
You take 3 damage, and now have 8/11 hp.
MASSIVE DAMAGE!! (PAUSE)
You are too injured to fight recklessly!
You closely miss the adder.
You feel sick. The adder closely misses you. The goblin completely misses you.
Unknown command.
You miss the adder. You bite the adder. You drain its power.
You feel invigorated.
You feel sick. The adder bites you. The goblin hits you but does no damage.
The adder bites you.
* * * LOW HITPOINT WARNING * * *
You are too injured to fight recklessly! 😨 HP[-5] MP[-1]
You take 5 damage, and now have 3/11 hp.
MASSIVE DAMAGE!! (PAUSE)
You lost 1 mp, and now have 0/2 mp.
You closely miss the adder.
You feel sick. The goblin closely misses you. The adder bites you.
You die...

Skill      XL: |  1 |
---------------+----+-----
Stealth        | 5 |  5.1
Fighting       | |  1.7
Short Blades   | |  1.9
Throwing       | |  1.7
Dodging        | |  0.7

Action                     || total
---------------------------++-------
  Melee: Dagger            ||    16
         Bite              ||     1
   Stab: Sleeping          ||     1
 Armour: Robe              ||    10
  Dodge: Dodged            ||    15

Levels and vault maps discovered:
D:1:      minmay_arrival_glassed_features, layout_rooms, moated_statue
D:2:      layout_loops_ring, uniq_natasha

Notes
Turn   | Place    | Note
-------+----------+-------------------------------------------
     0 | D:1      | ytrimaz the Vine Stalker Brigand began the quest for the
                  | Orb.
     0 | D:1      | Reached XP level 1. HP: 11/11 MP: 2/2
     0 | D:1      | magus.rc [v1.9.6]
    26 | D:1      | Reached skill level 5 in Stealth
   106 | D:1      | You fall into a shaft and drop 1 floor!
   131 | D:2      | Slain by an adder

Vanquished Creatures
  A ball python (D:1)
  A bat (D:1)
  An endoplasm (D:1)
  A frilled lizard (D:2)
4 creatures vanquished.

Table legend:
 A = Non-vault XP
 B = Vault XP
 C = Vault XP percentage of total XP
 D = Non-vault monster count
 E = Vault monster count
 F = Vault count percentage of total count
                 A         B        C        D         E       F
            +---------+---------+-------+---------+---------+-------
      Total |       7 |       0 |   0.0 |       4 |       0 |   0.0
            +---------+---------+-------+---------+---------+-------
        D:1 |       6 |       0 |   0.0 |       3 |       0 |   0.0
        D:2 |       1 |       0 |   0.0 |       1 |       0 |   0.0
            +---------+---------+-------+---------+---------+-------

Skill      XL: |  1 |
---------------+----+-----
Stealth        | 5 |  5.1
Fighting       | |  1.7
Short Blades   | |  1.9
Throwing       | |  1.7
Dodging        | |  0.7

Action                     || total
---------------------------++-------
  Melee: Dagger            ||    16
         Bite              ||     1
   Stab: Sleeping          ||     1
 Armour: Robe              ||    10
  Dodge: Dodged            ||    15

Illustrated notes

Table legend:
 A = Kills in this place as a percentage of kills in the entire game.
 B = Kills by you in this place as a percentage of kills by you in the entire game.
 C = Kills by friends in this place as a percentage of kills by friends in the entire game.
 D = Other kills in this place as a percentage of other kills in the entire game.
 E = Experience gained in this place as a percentage of experience gained in the entire game.
 F = Experience gained in this place divided by the number of levels of this place that you have seen.
                   A       B       C       D       E      F
               +-------+-------+-------+-------+-------+----------------------
         Total | 100.0 | 100.0 |   N/A |   N/A | 100.0 |   3.5
       Dungeon | 100.0 | 100.0 |   N/A |   N/A | 100.0 |   3.5
               +-------+-------+-------+-------+-------+----------------------

Table legend: (Time is in decaauts)
 A = Elapsed time spent in this place.
 B = Non-inter-level travel time spent in this place.
 C = Inter-level travel time spent in this place.
 D = Time resting spent in this place.
 E = Time spent auto-exploring this place.
 F = Levels seen in this place.
 G = Mean time per level.
                   A        B        C        D        E       F      G
               +--------+--------+--------+--------+--------+-----+--------+
         Total |    129 |    129 |      0 |      0 |     85 |   2 |   64.5 |
       Dungeon |    129 |    129 |      0 |      0 |     85 |   2 |   64.5 |
               +--------+--------+--------+--------+--------+-----+--------+

Top non-repeatable levels by time:
     D:1: 105 daAuts
     D:2: 24 daAuts
